[Event "E World Championship 2023"]
[Site "Chess.com"]
[Date "2023.04.12"]
[Round "3"]
[White "Nepomniachtchi, Ian"]
[Black "Ding, Liren"]
[Result "1/2-1/2"]
[WhiteElo "2795"]
[BlackElo "2788"]
[ECO "D36"]
[EventDate "2023.??.??"]
[Annotator "rafael"]
[PlyCount "60"]
[Beauty "6597875073542"]
[EventType "match"]
[EventRounds "3"]
[EventCountry "FID"]
[TimeControl "5400+30"]

1.d4 Nf6 2.c4 e6 3.Nc3 d5 {The Queen's Gambit is an essential guest at world championships, with memorable games in the legendary clashes between Capablanca vs. Alekhine, Spassky vs. Fischer, and Karpov vs. Kasparov, among others.} 4.cxd5 {The exchange variation was Kasparov's favorite.} 4...exd5 5.Bg5 c6 6.e3 h6 {In the 90s, moving the h-pawn in the Exchange Orthodox positions like this was considered an opening mistake. This is one of the clearest changes in theory in recent years. The computer showed that it's OK to play like this and also started to indicate more active plans for Black, like advancing the queenside pawns with b7-b5 and a7-a5, which was also considered anti-positional.} 7.Bh4 Be7 8.Bd3 O-O {Ding has some experience in this position, so it didn't come as a surprise to Nepomniachtchi. Two of the Chinese GM's opponents decided not to put the queen on c2 so quickly, but he had no trouble equalizing in those games.} 9.Qc2 ( 9.Nge2 Re8 10.O-O Nbd7 {Black's plan is connected with the advance of the queenside pawns: b5-a5-b4 and so on.} 11.f3 ( 11.a4 $5 {[%c_effect a4;square;a4;type;Interesting;persistent;true] An interesting prophylactic move.} 11...Nh5 12.Bxe7 Qxe7 13.a5 Nf8 {Black later won in Praggnanandhaa-Ding, Chessable Masters (rapid) 2022.} ) 11...b5 $1 12.Bf2 a5 {with a complicated game in Grischuk-Ding, Speed Chess (blitz) 2022.} ) 9...Re8 10.Nge2 Nbd7 11.O-O a5 {Ding repeats what he had played in a rapid game against Giri last year. Black has options that are more popular.} ( 11...Ne4 12.Bxe7 Qxe7 13.Rae1 ) ( 11...Nf8 ) ( 11...Nh5 12.Bxe7 Qxe7 ) 12.a3 {This is not an easy move. I think the idea is to already prevent the …b5-b4 advance, although it's a bit curious that this is done before the pawn reaches b5.} 12...Nh5 {A classic Queen's Gambit move, exchanging bishops and relieving the position.} ( 12...b5 {is possible here too. A recent game followed with} 13.Rae1 Bb7 14.f3 b4 {with good play for Black in Novikov-Korobov, Titled Tuesday (blitz) 2023. I think Nepomniachtchi would have played differently before.} ) 13.Bxe7 Qxe7 14.Rae1 {White goes to the center. The plan is Nc1, f3, and play e4 at an opportune moment, but Black will avoid this in the game.} 14...Nf8 15.Nc1 Nf6 16.f3 Ne6 {Ding had played all this before and only here a novelty is played. Nepomniachtchi didn't get any advantage and will need a better idea if he wants to repeat this opening.} 17.N1e2 ( 17.Qf2 c5 ( 17...b5 {is also interesting.} ) 18.Bb5 Rd8 19.dxc5 Qxc5 20.Nb3 Qb6 21.Rd1 Bd7 22.Bxd7 Rxd7 23.Nd4 Re8 {with equality in Giri-Ding, Chessable Masters 2022.} ) 17...c5 {Ding follows the same plan as his game against Giri.} ( 17...b5 {is the option.} ) 18.Bb5 ( 18.Nf4 $5 {[%c_effect f4;square;f4;type;Interesting;persistent;true] is an interesting alternative to fight for an advantage. Black is probably better off ignoring the knight and simply defending the d5 pawn.} 18...Rd8 ( 18...Nxf4 19.exf4 Qf8 ( 19...Qxe1 $2 20.Rxe1 Rxe1+ 21.Kf2 {the c5-pawn falls and White has a big advantage.} ) 20.dxc5 Qxc5+ 21.Qf2 {Despite the doubled pawns, White has a more comfortable position.} ) ) 18...Rd8 19.dxc5 Qxc5 20.Qd2 Bd7 ( 20...d4 {is enough to fully equalize the game, but I suppose Ding was playing to win.} 21.Nxd4 Nxd4 22.exd4 Qxd4+ 23.Qxd4 Rxd4 {with a likely draw.} ) 21.Bxd7 ( 21.Nd4 {is more accurate.} ) 21...Nxd7 $1 {[%c_effect d7;square;d7;type;GreatFind;persistent;true] A great way to recapture. The knight goes to b6. Black's position is more comfortable, but Nepomniachtchi plays with precision to preserve the balance.} 22.Nd4 Nb6 23.Rd1 ( 23.Rc1 {is also possible, avoiding the problems with the unprotected knight on c3.} 23...Nc4 24.Qf2 ) 23...Nc4 24.Qf2 Rac8 ( 24...Nxa3 {It's necessary to calculate this move that seems to win a pawn, but White has a resource to restore the material balance.} 25.e4 $1 Nxd4 ( 25...Nc4 26.Nxd5 ) 26.Rxd4 Nb5 27.Nxb5 Qxb5 28.Rfd1 {the d5-pawn will be captured.} ) 25.Na4 $1 {[%c_effect a4;square;a4;type;GreatFind;persistent;true] It seems strange to place the knight in the corner, but in this case, the move is useful for expelling the queen.} 25...Qe7 26.Rfe1 Qf6 ( 26...Nxd4 {is also not enough for any pressure.} 27.Rxd4 b5 28.Nc3 Qc5 29.b4 $1 axb4 30.axb4 Qxb4 31.Nxd5 Qc5 32.e4 {with a strong knight on d5.} ) 27.Nb5 $1 {[%c_effect b5;square;b5;type;GreatFind;persistent;true] Another knight that leaves the center and goes to the corner. It's the best move.} 27...Nc7 28.Nd4 ( 28.Nxc7 Rxc7 29.Rd3 {also ends in a possible repetition.} 29...Ne5 30.Rd2 Nc4 31.Rd3 ) 28...Ne6 29.Nb5 Nc7 30.Nd4 Ne6 {An important draw to restore Ding's confidence. He didn't have any problems in the opening and can now try to press with White in the next game.} 1/2-1/2

[Event "E World Chess Championship 2023"]
[Site "Chess.com"]
[Date "2023.04.13"]
[Round "4"]
[White "Ding, Liren"]
[Black "Nepomniachtchi, Ian"]
[Result "1-0"]
[WhiteElo "2788"]
[BlackElo "2795"]
[ECO "A28"]
[EventDate "2023.??.??"]
[Annotator "rafael"]
[PlyCount "93"]
[Beauty "7219571596319"]
[EventType "match"]
[EventRounds "15"]
[EventCountry "FID"]
[TimeControl "7200+30"]

1.c4 {After the unsuccessful result in an attempt to take the game to more exotic terrain in the second game, Ding chooses the English Open, one of his favorites.} 1...Nf6 2.Nc3 e5 3.Nf3 Nc6 4.e3 Bb4 5.Qc2 Bxc3 {This is the move considered most accurate by theory.} ( 5...O-O {is also possible, but now White has the option to play} 6.Nd5 ) 6.bxc3 $5 {[%c_effect c3;square;c3;type;Interesting;persistent;true] An interesting move. It seems exotic to capture with the pawn. After all what is the queen on c2 for $2 But the idea is now to play with e3-e4 and try to assert the strength of the center with the pair of bishops.} ( 6.Qxc3 Qe7 {Black plans to play d7-d5 quickly. There's a lot of theory here.} ) 6...d6 ( 6...e4 {is a critical move, preventing White from stabilizing the center.} 7.Ng5 Qe7 8.f3 exf3 9.Nxf3 {This position was discussed a few days ago in a very high-level game. White got the upper hand after} 9...O-O 10.d4 d5 11.cxd5 Nxd5 12.Kf2 $1 Nf6 13.Bd3 Ng4+ 14.Ke2 {in Yakubboev-Sevian, Spring Chess Classic 2023.} ) 7.e4 O-O 8.Be2 ( 8.g3 {is the most played move. It avoids the plan that will be executed in the game, but it takes a little longer to finish the development. Black has several possible ideas, and the game remains balanced.} ) 8...Nh5 {A normal reaction, activating the knight. The Ne7-g6 plan is also interesting and has been tried in two recent games.} ( 8...Ne7 9.O-O Ng6 10.d4 b6 11.Re1 {Tabatabaei-Giri, Chessable Play In Match (rapid) 2023.} ) ( 8...h6 9.O-O Ne7 10.d4 Ng6 11.c5 Re8 12.cxd6 cxd6 {Tabatabaei-Caruana, PRO League (rapid) 2023.} ) 9.d4 Nf4 {A rare move that changes the character of the position. This type of change is very difficult to evaluate, but my computer is not very happy with this move, despite the high probability that it's still Nepomniachtchi's preparation. Ding, in turn, said at the press conference that he was out of preparation after this, which is curious since in the only game it was tried, his coach was playing White.} ( 9...Qf6 {is the popular move in correspondence games, which means it must be the best.} ) 10.Bxf4 exf4 {White has lost the advantage of the bishop pair, but now has an imposing pawn center.} 11.O-O $146 ( 11.h4 {This mysterious move was played some time ago by Ding's second, GM Rapport. He was young and impetuous back then. He knows that Ding's style is more classic. Anyway, he got an interesting position after} 11...Re8 12.Bd3 Bg4 13.Ng1 $1 f5 14.Kf1 $1 fxe4 15.Bxe4 {Rapport-Zaragatski, Germany 2012.} ) 11...Qf6 12.Rfe1 Re8 {A critical moment.} 13.Bd3 $6 {[%c_effect d3;square;d3;type;Inaccuracy;persistent;true] This move doesn't seem to me to be the most accurate. White has a few alternatives.} ( 13.h3 {seems to me to be the most natural. White avoids the bishop development to g4.} 13...Bd7 ( 13...Qg6 14.Kh2 {and the pawn on e4 cannot be captured.} 14...Rxe4 $4 ( 14...Qxe4 $4 15.Bd3 ) 15.Bd3 {winning material.} ( 15.Nh4 {also wins.} ) ) 14.Bd3 ) ( 13.c5 $5 {[%c_effect c5;square;c5;type;Interesting;persistent;true] it is an immediate version of the sacrifice that will be played later.} 13...dxc5 14.e5 Qh6 15.Rad1 {With a complex position. White has compensation in the form of his moving center pawns.} ) 13...Bg4 $1 14.Nd2 Na5 $6 {[%c_effect a5;square;a5;type;Inaccuracy;persistent;true] A natural plan in these structures and is normally played in the Nimzo-Indian Defense. The idea is to play b6 and then c5. Here, however, it's not the most accurate.} ( 14...f3 $6 {[%c_effect f3;square;f3;type;Inaccuracy;persistent;true] is too optimistic, as it only creates weaknesses after} 15.g3 ( 15.h3 Bxh3 16.Nxf3 {is also very good for White.} ) ) ( 14...Rad8 $1 {[%c_effect d8;square;d8;type;GreatFind;persistent;true] is the best plan, anticipating any central advance by White.} 15.h3 Bc8 {If the knight tries to go back to f3, then after} 16.Nf3 g5 $1 {[%c_effect g5;square;g5;type;GreatFind;persistent;true] Black is ready to start a kingside counterplay. Kh8-Rg8 can be played if needed.} ) 15.c5 $5 {[%c_effect c5;square;c5;type;Interesting;persistent;true] A brave decision, this is a long-term pawn sacrifice in order to get mobility for the central pawns. It's even more commendable if we consider that White has other safer (and maybe even better) possibilities.} ( 15.f3 Bd7 16.Nb3 Nxb3 17.axb3 {This is a natural sequence, but it seems that White's beautiful pawn structure does not offer a special advantage after} 17...a5 $1 {[%c_effect a5;square;a5;type;GreatFind;persistent;true] preventing the advance of the b-pawn.} ) ( 15.h3 {White can start with this move.} 15...Bh5 {This is the right square, since after} ( 15...Bd7 $6 16.Nf3 $1 {[%c_effect f3;square;f3;type;GreatFind;persistent;true] The knight returns to the game, and White prepares e4-e5.} ) ) ( 15.Qa4 $5 {[%c_effect a4;square;a4;type;Interesting;persistent;true] Perhaps this is the most surgical move.} 15...b6 16.f3 Bh5 ( 16...Be6 {This move isn't as bad as it looks, as 17.d5 is not dangerous.} 17.Nb3 ( 17.d5 $6 Qxc3 ) ( 17.e5 $5 ) 17...Nxb3 18.axb3 {with some advantage for White.} ) 17.Nb3 $1 Nxb3 18.axb3 {The queen can now try to invade the queenside. White's position looks better, but the game is complicated, for example:} 18...c5 19.Qc6 $1 cxd4 20.Rxa7 $1 Rad8 21.Qd5 Qh4 22.Rc1 dxc3 23.Bf1 {and the c3-pawn will fall with better structure for White.} ) 15...dxc5 16.e5 Qh6 17.d5 {The center pawn pair certainly commands respect, but Black is solid.} 17...Rad8 ( 17...b6 {is quite natural. Black can try to speed up the plan of doubling on e-file after} 18.c4 Re7 $5 ) 18.c4 b6 19.h3 Bh5 {The right square, so the white knight cannot return to f3.} ( 19...Bc8 $6 20.Nf3 ) 20.Be4 $5 {[%c_effect e4;square;e4;type;Interesting;persistent;true] An interesting plan: get the bishop to f3 in order to double rooks on the e-file.} 20...Re7 {It's not easy to find a plan for Black, so Nepomniachtchi decides to double on the e-file, a good decision.} ( 20...Rxe5 $2 {[%c_effect e5;square;e5;type;Mistake;persistent;true] loses to} 21.Bxh7+ Qxh7 22.Qxh7+ Kxh7 23.Rxe5 ) 21.Qc3 Rde8 22.Bf3 Nb7 23.Re2 f6 {This move is not forced, but it's interesting to bring the knight, although the pawn on e6 is unpleasant.} 24.e6 {Forced.} ( 24.Rae1 $2 fxe5 25.Rxe5 Qf6 {wins material.} ) 24...Nd6 25.Rae1 Nf5 ( 25...Bg6 $1 {[%c_effect g6;square;g6;type;GreatFind;persistent;true] is an interesting option, keeping the bishops. My impression is that White doesn't have a plan to break Black's position. To be honest, I'd rather be Black here, as I have a long-term plan (advance the pawns on the kingside despite the dangers). The computer evaluates the position as equal.} ) 26.Bxh5 Qxh5 27.Re4 Qh6 28.Qf3 Nd4 $2 {[%c_effect d4;square;d4;type;Mistake;persistent;true] That move is the only serious mistake of the game, and from now on the final result is never in doubt.} ( 28...g5 {is necessary.} 29.g4 $1 Nd6 ( 29...Nd4 $2 30.Rxd4 $1 cxd4 31.Nb3 {is an even better version of the game.} ) ( 29...Nh4 $2 30.Qd3 {and the knight is misplaced.} ) 30.R4e2 {White has enough compensation for the pawn, thanks to his formidable pawn on e6. But I don't really know what the plan would be to try to win in this position.} ) 29.Rxd4 $1 {[%c_effect d4;square;d4;type;GreatFind;persistent;true] Nepomniachtchi clearly underestimated the strength of this fine exchange sacrifice.} ( 29.Qd3 {Ding mentioned that he was planning this move initially until he realized that 29.Rxd4 works.} ) ( 29.Qxf4 Qxf4 30.Rxf4 c6 {with a good endgame for Black.} ) 29...cxd4 30.Nb3 {The knight captures the d4-pawn, and the position becomes a strategic massacre.} 30...g5 ( 30...c5 {This doesn't work for tactical reasons.} 31.d6 $1 Rxe6 32.Rxe6 Rxe6 33.d7 {and the d-pawn decides the game.} 33...Rd6 34.Qa8+ Kf7 35.Qe8# ) 31.Nxd4 Qg6 {Trying to keep the knight from jumping to f5.} 32.g4 $1 {[%c_effect g4;square;g4;type;GreatFind;persistent;true] What a beautiful move to execute. Aesthetic and efficient. The knight secures its place on f5.} 32...fxg3 33.fxg3 h5 34.Nf5 {White's position is so beautiful that it makes you want to take a picture of it.} 34...Rh7 35.Qe4 Kh8 36.e7 Qf7 37.d6 {The pawns perform the final work.} 37...cxd6 38.Nxd6 Qg8 ( 38...Qxe7 39.Nxe8 {wins a piece.} ) 39.Nxe8 Qxe8 40.Qe6 Kg7 41.Rf1 Rh6 42.Rd1 f5 43.Qe5+ Kf7 44.Qxf5+ Rf6 45.Qh7+ Ke6 46.Qg7 Rg6 47.Qf8 {A magnificent victory for Ding, who showed the best version of his chess. The match is tied, and at this moment it's impossible to make a prediction about who will be the next world champion.} ( 47.Qf8 Qxe7 ( 47...Rg8 48.Rd8 ) 48.Re1+ ) 1-0